AoeStats
← Dog

Northern Isles

510437478Analyzed
1v1 RM · 15h ago on Oct 1, 2026· 49m 4s· 2 players
Game mode
Random Map
Map size
Tiny (2 player)
Population
200
Speed
Normal
Resources
Standard
Victory
Conquest
Starting age
Dark Age
Ending age
Imperial Age
RankedLock teamsTeams togetherTeam positionsShared explorationLock speedFull tech treeHidden civsTurbo modeCheats
Victory
Defeat
🇺🇸 Persians · United States
1051
+15
🇨🇴 Vikings · Colombia
1038
-15
LordTheLegend
11:32 Feudal Age
12:20 Double-Bit Axe
16:27 Loom
20:26 Castle Age
18:58 Gold Mining
18:52 Horse Collar
19:16 Fletching
21:04 Bodkin Arrow
23:00 Gold Shaft Mining
23:34 Forging
26:07 Medium Warships
26:47 Ballistics
27:07 Bow Saw
28:29 Fishing Lines
29:41 Iron Casting
31:12 Squires
31:06 Stone Mining
32:22 Pikeman
34:34 Padded Archer Armor
37:00 Scale Mail Armor
37:02 Town Watch
43:13 Leather Archer Armor
45:45 Imperial Age
44:51 Arson
47:19 Conscription
48:15 Chain Mail Armor
Dog
6:27 Loom
9:19 Feudal Age
9:53 Double-Bit Axe
9:57 Fishing Lines
20:11 Castle Age
18:27 Gold Mining
19:37 Bloodlines
19:49 Fletching
19:59 Padded Archer Armor
20:11 Forging
20:06 Scale Barding Armor
21:35 Fletching
22:43 Bodkin Arrow
23:04 Medium Warships
24:21 Wheelbarrow
26:55 Bow Saw
27:55 Gillnets
28:36 Horse Collar
29:21 Husbandry
30:58 Ballistics
31:06 Ballistics
31:00 Careening
38:09 Imperial Age
39:08 Heavy Warships
39:50 Chemistry
39:11 Dry Dock
38:43 Heated Shot
39:05 Masonry
39:53 Gold Shaft Mining
39:09 Stone Mining
40:21 Two-Man Saw
40:10 Cavalier
42:21 Iron Casting
41:51 Scale Barding Armor
42:03 Scale Barding Armor
42:25 Clinker Construction
42:21 Siphons
43:18 Siphons
43:34 Carvel Hull
43:34 Heavy Plow
43:53 Hand Cart
43:34 Savar
45:17 Conscription
45:03 Elite Cannon Galleon
Connection lost

Rejoining the realm…

Still unreachable

The connection could not be restored.

Session expired

The server has moved on; the page needs a fresh start.